 Dungeon Crawl Stone Soup version 0.22.1-2-g9c5b331 (webtiles) character file.

106 diana the Skirmisher (level 4, -12/52 HPs)
             Began as an Ogre Fighter on Nov 21, 2018.
             Mangled by an ogre
             ... wielding a +0 giant spiked club
              (22 damage)
             ... on level 4 of the Dungeon.
             The game lasted 00:03:29 (2549 turns).

diana the Skirmisher (Ogre Fighter)                 Turns: 2549, Time: 00:03:30

Health: -12/52     AC:  3    Str: 25 (26) XL:     4   Next: 84%
Magic:  13/13      EV: 13    Int:  7 (9)  God:
Gold:   142        SH:  9    Dex: 12 (13) Spells: 3/3 levels left

rFire    . . .     SeeInvis .   a - +0 war axe
rCold    . . .     Gourm    .   c - +0 shield
rNeg     . . .     Faith    .   b - +0 robe
rPois    .         Spirit   .   (helmet restricted)
rElec    .         Reflect  .   (no cloak)
rCorr    .         Harm     .   (gloves unavailable)
MR       +....                  (boots unavailable)
Stlth    ++........             (no amulet)
HPRegen  0.17/turn              m - ring of protection from magic
MPRegen  0.13/turn              p - ring of magical power

@: mighty, agile
A: large, unfitting armour, tough skin 1
a: no special abilities


You were on level 4 of the Dungeon.
You were not hungry.

You visited 1 branch of the dungeon, and saw 4 of its levels.

You collected 142 gold pieces.

Inventory:

Hand Weapons
 a - a +0 war axe (weapon)
Armour
 b - a +0 robe (worn)
 c - a +0 shield (worn)
Jewellery
 m - a ring of protection from magic (left hand)
 p - a ring of magical power (right hand)
Scrolls
 e - a scroll of enchant weapon {unknown}
 h - 3 scrolls of teleportation {unknown}
 i - a scroll of magic mapping {unknown}
 j - a scroll of identify {unknown}
 k - a scroll of immolation {unknown}
 n - 2 scrolls of remove curse {unknown}
 q - 2 scrolls of noise {unknown}
Potions
 d - 2 potions of might
 o - a potion of mutation {unknown}
Comestibles
 f - 7 rations


   Skills:
 * Level 6.3 Fighting
 + Level 3.1 Axes
 - Level 2.6 Dodging
 - Level 2.6 Shields


You had 3 spell levels left.
You didn't know any spells.
Your spell library was empty.

Dungeon Overview and Level Annotations

Branches:
Dungeon (4/15)
 Temple: D:4-7

Altars:

Portals:
Ossuary: D:4

Annotations:
D:2 Sigmund


Innate Abilities, Weirdness & Mutations

You are too large for most types of armour.
You have tough skin. (AC +1)


Message History

It was a potion of agility.
You feel agile all of a sudden.
The orc throws a tomahawk.
The tomahawk hits you.
The ogre hits you with a giant spiked club!!
* * * LOW HITPOINT WARNING * * *
The orc throws a tomahawk.
You block the tomahawk.
An orc comes into view. It is wielding a dagger.
You feel very mighty all of a sudden.
The orc throws a tomahawk.
The tomahawk barely misses you.
The tomahawk hits the ogre.
You block the ogre's attack.
You closely miss the ogre.
The ogre is lightly wounded.
The ogre closely misses you.
You barely miss the ogre.
The ogre is lightly wounded.
The orc throws a tomahawk.
The tomahawk hits you.
* * * LOW HITPOINT WARNING * * *
An orc wizard comes into view. It is wielding a dagger.
The ogre hits you with a giant spiked club!!
You die...

##.# #.#####
...######.#
.$........# o
........### .(
##......# .$.
#.......# o...
.#>.....#####..#
##......##..o..#
#.......#.@#
##.####.#O####.#
#. #..Z.O...# #
#.[#..####
#.##.## ...# .Z
..##. ... ..## .
###. . . ##


You could see an ogre, an orc wizard (wandering), 2 orcs and a leopard gecko
skeleton.

Vanquished Creatures
  A gnoll (D:1)
  3 adders
  A shadow imp (D:3)
  An ooze (D:2)
  2 worms (D:2)
  4 dart slugs (D:1)
  A leopard gecko (D:3)
  An orc (D:3)
  3 giant cockroaches
  6 hobgoblins
  4 jackals (D:3)
  3 kobolds
  2 quokkas (D:2)
  A bat (D:1)
  3 frilled lizards
  4 goblins
  2 rats (D:1)
42 creatures vanquished.

Vanquished Creatures (others)
  18 fungi (D:4)
  4 toadstools (D:1)
22 creatures vanquished.

Grand Total: 64 creatures vanquished

Notes
Turn   | Place    | Note
-------+----------+-------------------------------------------
     0 | D:1      | diana the Ogre Fighter began the quest for the Orb.
     0 | D:1      | Reached XP level 1. HP: 24/24 MP: 1/1
   167 | D:1      | Reached XP level 2. HP: 27/33 MP: 2/2
   237 | D:1      | Reached skill level 5 in Fighting
   237 | D:1      | Reached XP level 3. HP: 24/42 MP: 3/3
   706 | D:2      | Found a faded altar of an unknown god.
   718 | D:2      | Reached XP level 4. HP: 37/52 MP: 4/4
   967 | D:2      | Noticed Sigmund
  1311 | D:3      | Reached skill level 6 in Fighting
  2486 | D:4      | Found a sand-covered staircase.
  2541 | D:4      | Noticed an ogre
  2549 | D:4      | Mangled by an ogre

Skill      XL: |  1  2  3  4 |
---------------+-------------+-----
Fighting       | 5 6 |  6.3
Axes           | 3 |  3.1
Dodging        | |  2.6
Shields        | |  2.6

Action                   |  1- 3 |  4- 6 || total
-------------------------+-------+-------++-------
Melee: War axe           |    76 |    90 ||   166
  Use: Potion            |       |     3 ||     3
  Eat: Chunk             |       |     5 ||     5
Armor: Robe              |    18 |    25 ||    43
Dodge: Dodged            |    21 |    48 ||    69
Block: Shield            |    38 |    40 ||    78
